 Dungeon Crawl Stone Soup version 0.22.1-2-g9c5b331383 (webtiles) character file.

686 Peloso the Slasher (level 7, -1/61 HPs)
             Began as a Minotaur Fighter on Nov 23, 2018.
             Slain by Prince Ribbit (11 damage)
             ... on level 5 of the Dungeon.
             The game lasted 00:05:16 (2617 turns).

Peloso the Slasher (Minotaur Fighter)               Turns: 2617, Time: 00:05:16

Health: -1/61      AC: 11    Str: 21    XL:     7   Next: 35%
Magic:  6/6        EV:  6    Int:  5    God:
Gold:   205        SH: 10    Dex: 11    Spells: 6/6 levels left

rFire    . . .     SeeInvis .   a - +0 long sword
rCold    . . .     Gourm    .   c - +0 shield
rNeg     . . .     Faith    .   m - +0 chain mail
rPois    .         Spirit   .   (helmet restricted)
rElec    .         Reflect  .   (no cloak)
rCorr    .         Harm     .   n - +0 pair of gloves
MR       .....                  (no boots)
Stlth    ..........             (no amulet)
HPRegen  0.20/turn              (no ring)
MPRegen  0.10/turn              (no ring)

@: no status effects
A: retaliatory headbutt, horns 2
a: no special abilities


You were on level 5 of the Dungeon.
You were hungry.

You visited 1 branch of the dungeon, and saw 5 of its levels.

You collected 205 gold pieces.

Inventory:

Hand Weapons
 a - a +0 long sword (weapon)
Armour
 b - a +0 scale mail
 c - a +0 shield (worn)
 m - a +0 chain mail (worn)
 n - a +0 pair of gloves (worn)
Jewellery
 o - an uncursed amulet of the acrobat {unknown}
Wands
 r - a wand of polymorph (7)
Scrolls
 e - a scroll of random uselessness {unknown}
 g - 4 scrolls of teleportation {unknown}
 i - 2 scrolls of blinking {unknown}
 j - 3 scrolls of identify {unknown}
 p - 2 scrolls of fog {unknown}
 q - a scroll of magic mapping {unknown}
 t - a scroll of remove curse {unknown}
 v - a scroll of enchant armour {unknown}
Potions
 d - 2 potions of might
 h - a potion of mutation {unknown}
 k - a potion of curing
 l - 2 potions of agility {unknown}
 s - a potion of ambrosia {unknown}
 u - a potion of brilliance {unknown}
Comestibles
 f - 7 rations


   Skills:
 + Level 5.2 Fighting
 + Level 6.4 Long Blades
 + Level 5.4 Armour
 + Level 1.2 Dodging
 + Level 6.1 Shields


You had 6 spell levels left.
You didn't know any spells.
Your spell library was empty.

Dungeon Overview and Level Annotations

Branches:
Dungeon (5/15)
 Temple: D:4-7

Altars:
Ashenzari
Sif Muna

Annotations:
D:4 2 runed doors, stillor's ghost, amateur DsFE
D:5 Prince Ribbit


Innate Abilities, Weirdness & Mutations

You reflexively headbutt those who attack you in melee.
You have a pair of horns on your head.


Message History

Unknown command.
You barely miss Prince Ribbit. Your headbutt misses Prince Ribbit.
Prince Ribbit is moderately wounded.
You block Prince Ribbit's attack.
Prince Ribbit blinks!
Prince Ribbit blinks!
Prince Ribbit blinks!
Prince Ribbit hops awkwardly around.
Prince Ribbit blinks!
Prince Ribbit hits you.
* * * LOW HITPOINT WARNING * * *
Prince Ribbit hits you!
* * * LOW HITPOINT WARNING * * *
You barely miss Prince Ribbit.
Prince Ribbit is moderately wounded.
Prince Ribbit barely misses you. You furiously retaliate!
You headbutt Prince Ribbit!
Unknown command.
It was a potion of curing.
You feel better. Prince Ribbit barely misses you. Prince Ribbit hits you!
You die...

###
#######.##########
.................#
.........#######.#
.........# #.#
#######..# #.#
#######..# #F#
.........# #@#
.....<#.## #.#
.....#.......
#.### ####.
..##### #...#
..#..# ##.##
####..# #.# ...#
#.# .># #.# .##
#.#


You could see Prince Ribbit.

Vanquished Creatures
  Sigmund (D:4)
  An ogre (D:4)
  Blork the orc (D:3)
  A water moccasin skeleton (D:4)
  A hound (D:4)
  2 orc wizards (D:3)
  3 worker ants (D:4)
  10 adders
  2 dart slugs
  2 worms (D:4)
  3 leopard geckos
  6 orcs
  3 giant cockroaches
  7 goblins
  7 hobgoblins
  8 jackals
  2 kobolds (D:1)
  A quokka (D:3)
  A ball python (D:2)
  7 bats
  3 frilled lizards
  4 rats
76 creatures vanquished.

Notes
Turn   | Place    | Note
-------+----------+-------------------------------------------
     0 | D:1      | Peloso the Minotaur Fighter began the quest for the Orb.
     0 | D:1      | Reached XP level 1. HP: 19/19 MP: 0/0
   256 | D:1      | Reached XP level 2. HP: 25/27 MP: 1/1
   659 | D:2      | Reached XP level 3. HP: 25/33 MP: 2/2
   766 | D:2      | Reached XP level 4. HP: 24/40 MP: 3/3
   887 | D:2      | Found a shattered altar of Ashenzari.
  1013 | D:2      | Found a deep blue altar of Sif Muna.
  1065 | D:3      | Reached skill level 1 in Dodging
  1380 | D:3      | Reached XP level 5. HP: 16/47 MP: 4/4
  1796 | D:4      | Noticed Sigmund
  1798 | D:4      | Noticed Blork the orc
  1885 | D:3      | Killed Blork the orc
  1885 | D:3      | Reached skill level 5 in Long Blades
  1985 | D:4      | Killed Sigmund
  1985 | D:4      | Reached skill level 5 in Fighting
  1985 | D:4      | Reached skill level 5 in Armour
  1985 | D:4      | Reached skill level 5 in Shields
  1985 | D:4      | Reached XP level 6. HP: 56/56 MP: 5/5
  2127 | D:4      | Reached XP level 7. HP: 60/61 MP: 6/6
  2357 | D:4      | Found a large runed door.
  2357 | D:4      | Found a large runed door.
  2360 | D:4      | Noticed stillor's ghost (amateur DsFE)
  2548 | D:5      | Entered Level 5 of the Dungeon
  2575 | D:5      | Noticed Prince Ribbit
  2615 | D:5      | HP: 2/61 [Prince Ribbit (9)]
  2617 | D:5      | Slain by Prince Ribbit

Skill      XL: |  1  2  3  4  5  6  7 |
---------------+----------------------+-----
Fighting       | 4 5 |  5.2
Armour         | 4 5 |  5.4
Long Blades    | 3 4 5 6 |  6.4
Shields        | 4 5 6 |  6.1
Dodging        | 1 |  1.2

Action                   |  1- 3 |  4- 6 |  7- 9 || total
-------------------------+-------+-------+-------++-------
Melee: Long sword        |    86 |   128 |    36 ||   250
       Headbutt          |     8 |    30 |     7 ||    45
  Use: Potion            |       |       |     1 ||     1
  Eat: Chunk             |       |     4 |     1 ||     5
Armor: Scale mail        |    34 |       |       ||    34
       Chain mail        |    44 |    75 |    14 ||   133
Dodge: Dodged            |    30 |    34 |     9 ||    73
Block: Shield            |    65 |    75 |    18 ||   158
       Rpst.: Long sword |     6 |    10 |     2 ||    18
